 Dungeon Crawl Stone Soup version 0.31-a0-1-g4198be8af4 (webtiles) character file.

Game seed: 10327236502486800099

13 jasper the Magician (level 2, 2/20 HPs)
             Began as a Demonspawn Hedge Wizard on May 1, 2023.
             Quit the game on level 2 of the Dungeon.
             The game lasted 00:01:39 (470 turns).

jasper the Magician (Demonspawn Hedge Wizard)        Turns: 470, Time: 00:01:40

Health: 2/20       AC:  2    Str: 10    XL:     2   Next: 24%
Magic:  0/6        EV: 12    Int: 15    God:
Gold:   27         SH:  0    Dex: 12    Spells: 6/7 levels left

rFire   . . .        a - +0 dagger
rCold   . . .        (no shield)
rNeg    . . .        b - +0 robe
rPois   .            c - +0 hat
rElec   .            (no cloak)
rCorr   .            (no gloves)
SInv    .            (no boots)
Will    .....        (no amulet)
Stlth   ++           (no ring)
HPRegen 0.23/turn    (no ring)
MPRegen 0.10/turn

%: no passive effects
@: lethally poisoned (2 -> -13)
A: powered by pain 1
a: no special abilities


You were on level 2 of the Dungeon.
You visited 1 branch of the dungeon, and saw 2 of its levels.

You collected 27 gold pieces.

Inventory:

Hand Weapons
 a - a +0 dagger (weapon)
Armour
 b - a +0 robe (worn)
 c - a +0 hat (worn)
Scrolls
 e - a scroll of identify


   Skills:
 + Level 0.8 Fighting
 + Level 2.0 Dodging
 - Level 1.7 Stealth
 * Level 3.3 Spellcasting
 - Level 1.0 Conjurations
 - Level 1.0 Summonings
 - Level 0.8 Translocations


You had 6 spell levels left.
You knew the following spells:

 Your Spells              Type           Power      Damage    Failure   Level
a - Magic Dart            Conj           20%        1d4       13%         1

Your spell library contained the following spells:

 Spells                   Type           Power      Damage    Failure   Level
 Call Imp                 Summ           10%        N/A       19%         2
 Slow                     Hex            8%         N/A       21%         1
 Blink                    Tloc           10%        N/A       21%         2
 Cigotuvi's Dreadful Rot  Necr/Pois/Air  4%         N/A       30%         2
 Mephitic Cloud           Conj/Pois/Air  3%         N/A       45%         3


Dungeon Overview and Level Annotations

Branches:
Dungeon (1/15)

Altars:
Qazlal

Annotations:
D:1 2 transporters


Innate Abilities, Weirdness & Mutations

You sometimes gain a little power by taking damage.


Message History

The adder barely misses you. x2
You now have 0/6 mp.
You aren't carrying any potions.
As you read the scroll labelled IVI LINWEZA, it crumbles to dust.
It is a scroll of identify.
You don't currently have any unidentified items.
The adder bites you but does no damage. The adder closely misses you.
You hit the adder.
The adder is heavily wounded.
The adder barely misses you.
You barely miss the adder.
The adder is heavily wounded.
The adder closely misses you. The adder bites you but does no damage.
Aiming: Magic Dart (safe; 13% risk of failure)
Press: ? - help, Q - select action Shift-Dir - straight line, f/p - adder
Aim: an adder (heavily wounded, 100% to hit)
The magic dart hits the adder.
The adder is severely wounded.
The adder bites you.
You take 4 damage, and have 12/20 hp.
You now have 0/6 mp.
You closely miss the adder.
The adder is severely wounded.
The adder bites you.
You are poisoned.
The adder poisons you!
You take 3 damage, and have 9/20 hp.
You hit the adder.
The adder is severely wounded.
You feel sick. The adder bites you.
* * * LOW HITPOINT WARNING * * *
You are more poisoned.
The adder poisons you! The adder bites you.
* * * LOW HITPOINT WARNING * * *
You are more poisoned.
The adder poisons you!
You take 7 damage, and have 2/20 hp.
MASSIVE DAMAGE!!
You aren't carrying any potions.
Unknown command.
Are you sure you want to abandon this character and quit the game? (Confirm with "yes".)

..##.## #.##.# #.##.# #.
#.##+## #.# #.#...## #.#
#......## #.## #.......##
#..##
.........####...##########..
.......).+......@Sh..)......
.........####...########.#..
#.......## #.>## ##.....##
#.## ..)...## #.#####
......# #.....# .._..##
#####.# .....# ### #.#
.....## ##.## #.#


You could see an adder and a jackal.

Vanquished Creatures
  A hobgoblin (D:1)
  3 jackals (D:2)
  2 kobolds (D:2)
  A quokka (D:1)
  2 bats
  2 rats (D:2)
11 creatures vanquished.

Notes
Turn   | Place    | Note
-------+----------+-------------------------------------------
     0 | D:1      | jasper the Demonspawn Hedge Wizard began the quest for the
                  | Orb.
     0 | D:1      | Reached XP level 1. HP: 13/13 MP: 4/4
   257 | D:1      | You fall into a shaft and drop 1 floor!
   335 | D:2      | Found a stormy altar of Qazlal.
   438 | D:2      | Gained mutation: You sometimes gain a little power by
                  | taking damage. [demonic ancestry]
   438 | D:2      | Reached XP level 2. HP: 20/20 MP: 1/6
   470 | D:2      | Quit the game

Illustrated notes

Levels and vault maps discovered:
D:1:      spicycebolla_arrival_transporter_tutorial, layout_loops_ring,
          lemuel_flame_loot_1
D:2:      layout_loops_corners, basic_altar

Skill      XL: |  1 |
---------------+----+-----
Dodging        | 2 |  2.0
Fighting       | |  0.8
Stealth        | |  1.7
Spellcasting   | |  3.3
Conjurations   | |  1.0
Summonings     | |  1.0
Translocations | |  0.8

Action                     || total
---------------------------++-------
  Melee: Dagger            ||    39
   Cast: Magic Dart        ||    28
    Use: Scroll            ||     1
         Potion            ||     1
 Armour: Robe              ||    15
  Dodge: Dodged            ||    31

Table legend: (Time is in decaauts)
 A = Elapsed time spent in this place.
 B = Non-inter-level travel time spent in this place.
 C = Inter-level travel time spent in this place.
 D = Time resting spent in this place.
 E = Time spent auto-exploring this place.
 F = Levels seen in this place.
 G = Mean time per level.
                   A        B        C        D        E       F      G
               +--------+--------+--------+--------+--------+-----+--------+
         Total |    469 |    469 |      0 |      0 |    365 |   2 |  234.5 |
       Dungeon |    469 |    469 |      0 |      0 |    365 |   2 |  234.5 |
               +--------+--------+--------+--------+--------+-----+--------+

Top non-repeatable levels by time:
     D:1: 257 daAuts
     D:2: 212 daAuts
